 Dungeon Crawl Stone Soup version 0.31.0-11-ge490571c62 (webtiles) character file.

Game seed: 10843103903607305579

9 Aviak the Caller (level 2, 18/19 HPs)
             Began as a Demonspawn Summoner on Jan 26, 2024.
             Was a Follower of Dithmenos.
             Quit the game on level 1 of the Dungeon.
             The game lasted 00:00:48 (442 turns).

Aviak the Caller (Demonspawn Summoner)               Turns: 442, Time: 00:00:49

Health: 18/19      AC:  2    Str:  8    XL:     2   Next: 3%
Magic:  5/5        EV: 12    Int: 15    God:    Dithmenos [*.....]
Gold:   39         SH:  4    Dex: 13    Spells: 4/5 levels left

rFire   . . .        e - +1 whip (venom)
rCold   . . .        (no shield)
rNeg    . . .        a - +0 robe
rPois   .            (no helmet)
rElec   .            (no cloak)
rCorr   .            (no gloves)
SInv    .            (no boots)
Will    .....        (no amulet)
Stlth   ++           (no ring)
HPRegen 0.23/turn    (no ring)
MPRegen 0.09/turn

%: no passive effects
@: wreathed by umbra
A: condensation shield
a: Renounce Religion


You were on level 1 of the Dungeon.
You worshipped Dithmenos.
Dithmenos was aware of your devotion.
You visited 1 branch of the dungeon, and saw 1 of its levels.

You collected 39 gold pieces.

Inventory:

Hand Weapons
 d - a +0 mace
 e - a +1 whip of venom (weapon)
Armour
 a - a +0 robe (worn)
Potions
 b - a potion of magic
 c - a potion of attraction {unknown}
 f - a potion of curing {unknown}
 g - a potion of heal wounds {unknown}


   Skills:
 + Level 2.0 Dodging
 + Level 2.0 Stealth
 + Level 2.1 Spellcasting
 + Level 4.1 Summonings


You had 4 spell levels left.
You knew the following spells:

 Your Spells              Type           Power      Damage    Failure   Level
a - Summon Small Mammal   Summ           52%        N/A       4%          1

Your spell library contained the following spells:

 Spells                   Type           Power      Damage    Failure   Level
 Call Imp                 Summ           26%        N/A       6%          2
 Call Canine Familiar     Summ           13%        N/A       12%         3
 Summon Blazeheart Golem  Fire/Summ      7%         N/A       67%         4
 Summon Lightning Spire   Summ/Air       7%         N/A       67%         4


Dungeon Overview and Level Annotations

Branches:
Dungeon (1/15)

Altars:
Dithmenos


Innate Abilities, Weirdness & Mutations

A meltable shield of frost defends you. (SH +4)


Message History

You kill the hobgoblin!
Your Stealth skill increases to level 2!
No target in view!
You see here a hobgoblin corpse.
You now have 31 gold pieces (gained 10).
Found a ring mail.
You now have 39 gold pieces (gained 8).
You open the door.
A ball python comes into view.
The ball python hisses angrily.
You hit the ball python.
The ball python is poisoned.
The ball python is moderately wounded.
You kill the ball python!
Your Dodging skill increases to level 2!
No target in view!
You see here a +0 ring mail.
g - a blue potion
Found a faded altar of an unknown god.
Found a club.
A giant cockroach comes into view.
The giant cockroach bites you.
The giant cockroach bites you but does no damage.
There is a faded altar of an unknown god here.
You closely miss the giant cockroach. The giant cockroach bites you.
You closely miss the giant cockroach.
The giant cockroach bites you but does no damage.
You hit the giant cockroach but do no damage.
The giant cockroach is poisoned.
The giant cockroach completely misses you.
The giant cockroach bites you but does no damage.
You hit the giant cockroach.
You kill the giant cockroach!
You have reached level 2!
Your demonic ancestry asserts itself...
Frost condenses into a shield before you.
This altar belongs to (a) Jiyva, (b) Hepliaklqana or (c) Dithmenos, but you can't tell which.
Press the corresponding letter to learn more about a god, or press enter to convert or escape to cancel.
Dithmenos accepts your prayer! Dithmenos welcomes you!
You are shrouded in an aura of darkness!
Are you sure you want to abandon this character and quit the game? (Confirm with "yes".)

.....# ...#.##.# #
......(.###.#.
..##........#. #.#
.......... #.#
#....##.#.###### #.#
.....#.....PP.## #.#
....#....†♣♣P.# #.# #
#...# #...@.♣ # #.#
#.#...###.P.PP♣.# #.#
.....#...)..♣P.#
#.#.####..#.###.PP.##
#.#..............###
#.######..#...#.##
#.######..###.#.#
#........[..#.###
#.....##..#.#.#


There were no monsters in sight!

Vanquished Creatures
  A giant cockroach (D:1)
  2 hobgoblins (D:1)
  A ball python (D:1)
  2 rats (D:1)
6 creatures vanquished.

Vanquished Creatures (collateral kills)
  An endoplasm (D:1)
  A kobold (D:1)
2 creatures vanquished.

Grand Total: 8 creatures vanquished

Notes
Turn   | Place    | Note
-------+----------+-------------------------------------------
     0 | D:1      | Aviak the Demonspawn Summoner began the quest for the Orb.
     0 | D:1      | Reached XP level 1. HP: 13/13 MP: 3/3
   424 | D:1      | Found a faded altar of an unknown god.
   441 | D:1      | Gained mutation: A meltable shield of frost defends you.
                  | (SH +4) [demonic ancestry]
   441 | D:1      | Reached XP level 2. HP: 17/19 MP: 5/5
   441 | D:1      | Prayed at the altar of an unknown god.
   441 | D:1      | Became a worshipper of Dithmenos the Shadowed
   441 | D:1      | Reached * piety under Dithmenos
   442 | D:1      | Quit the game

Illustrated notes

Levels and vault maps discovered:
D:1:      tekkud_arrival_beachfront_property, layout_basic,
          ebering_ecumenical_altar_petrified

Skill      XL: |  1 |
---------------+----+-----
Stealth        | 2 |  2.0
Dodging        | 2 |  2.0
Spellcasting   | |  2.1
Summonings     | |  4.1

Action                     || total
---------------------------++-------
  Melee: Whip              ||     9
         Unarmed           ||     7
         Mace              ||     3
   Cast: Summon Small Mamm ||     6
   Stab: Sleeping          ||     1
 Armour: Robe              ||     9
  Dodge: Dodged            ||    11
